TOP OF THE 1ST |
Kansas City Royals batting - Pitching for California Angels : LHP Ray Fontenot
|
Pitching: LHP Ray Fontenot
|
|
Batting: RHB Rickey Henderson
|
0-0: Called Strike 0-1: Swinging Strike 0-2: Foul Ball, location: 2F 0-2: Fly out, F4 (Flyball, 3D, EV 91.9 MPH)
|
Batting: LHB Gene Richards
|
0-0: Ball 1-0: Called Strike 1-1: Swinging Strike 1-2: Ball 2-2: Fly out, F9 (Line Drive, 9, EV 89.4 MPH)
|
Batting: RHB Jeffrey Leonard
|
0-0: Ball 1-0: Ground out U3 (Groundball, 13, EV 80.6 MPH)
|
Top of the 1st over - 0 runs, 0 hits, 0 errors, 0 left on base; Kansas City 0 - California 0 |
BOTTOM OF THE 1ST |
California Angels batting - Pitching for Kansas City Royals : LHP Dave LaPoint
|
Pitching: LHP Dave LaPoint
|
|
Batting: RHB Frank White
|
0-0: Ball 1-0: SINGLE (Groundball, 34D, EV 103.1 MPH)
|
Batting: RHB Jeff Atherton
|
0-0: Called Strike 0-1: Ball 1-1: SINGLE (Line Drive, 5D, EV 95.0 MPH) Frank White to second Runner from 2nd tries for 3rd, SAFE, throw by LF made to third
|
Batting: SHB Jon Hernandez
|
0-0: Ball 1-0: Swinging Strike 1-1: Ball 2-1: Foul Ball, location: 2F 2-2: Ball 3-2: Base on Balls Jeff Atherton to second
|
Batting: LHB Jason D Thompson
|
0-0: Ball 1-0: Called Strike 1-1: Ball 2-1: Fly out, F5 (Line Drive, 5, EV 63.8 MPH)
|
Batting: LHB Brian Rosinski
|
0-0: Ball 1-0: Ball 2-0: Ball 3-0: Grounds into double play, 4-6-3 (Groundball, 4, EV 91.3 MPH)
|
Bottom of the 1st over - 0 runs, 2 hits, 0 errors, 2 left on base; Kansas City 0 - California 0 |
TOP OF THE 2ND |
Kansas City Royals batting - Pitching for California Angels : LHP Ray Fontenot
|
Batting: RHB Bob Horner
|
0-0: Ball 1-0: Swinging Strike 1-1: Called Strike 1-2: Reached on error, E5 (Groundball, 56, EV 85.6 MPH)
|
Batting: RHB Gary Carter
|
0-0: Fly out, F7 (Flyball, 7LM, EV 77.5 MPH)
|
Batting: LHB Brad Mills
|
0-0: Called Strike 0-1: Ball 1-1: Ball 2-1: Foul Ball, location: 2F 2-2: Fielders Choice at 2nd, 6-4 (Groundball, 6M, EV 98.1 MPH)
|
Batting: RHB Charlie O'Brien
|
0-0: Ball 1-0: Foul Ball, location: 2F 1-1: Called Strike 1-2: Ball 2-2: Strikes out swinging
|
Top of the 2nd over - 0 runs, 0 hits, 1 error, 1 left on base; Kansas City 0 - California 0 |
BOTTOM OF THE 2ND |
California Angels batting - Pitching for Kansas City Royals : LHP Dave LaPoint
|
Batting: RHB Carlos Pimentel
|
0-0: Swinging Strike 0-1: Ball 1-1: Called Strike 1-2: Fly out, F9 (Flyball, 9D, EV 100.0 MPH)
|
Batting: SHB Manny Castillo
|
0-0: Ball 1-0: Ball 2-0: Swinging Strike 2-1: Ground out 4-3 (Groundball, 4S, EV 84.4 MPH)
|
Batting: SHB Ignacio Medina
|
0-0: Swinging Strike 0-1: Ball 1-1: Called Strike 1-2: Fly out, F4 (Flyball, 34D, EV 89.4 MPH)
|
Bottom of the 2nd over - 0 runs, 0 hits, 0 errors, 0 left on base; Kansas City 0 - California 0 |
TOP OF THE 3RD |
Kansas City Royals batting - Pitching for California Angels : LHP Ray Fontenot
|
Batting: RHB Eddie Gates
|
0-0: Ball 1-0: Swinging Strike 1-1: Ground out 5-3 (Groundball, 56, EV 88.1 MPH)
|
Batting: LHB Rick Manning
|
0-0: Ball 1-0: Called Strike 1-1: Called Strike 1-2: Foul Ball, location: 2F 1-2: Ball 2-2: Ground out 2-3 (Groundball, 2L, EV 68.1 MPH)
|
Batting: RHB Rickey Henderson
|
0-0: Foul Ball, location: 2F 0-1: Ball 1-1: DOUBLE (Line Drive, 89M, EV 103.1 MPH)
|
Batting: LHB Gene Richards
|
0-0: Ball 1-0: Ball 2-0: Foul Ball, location: 2F 2-1: Foul Ball, location: 2F 2-2: Strikes out swinging
|
Top of the 3rd over - 0 runs, 1 hit, 0 errors, 1 left on base; Kansas City 0 - California 0 |
BOTTOM OF THE 3RD |
California Angels batting - Pitching for Kansas City Royals : LHP Dave LaPoint
|
Batting: RHB Mike Bishop
|
0-0: Ball 1-0: Swinging Strike 1-1: Ball 2-1: Ball 3-1: Called Strike 3-2: Strikes out swinging
|
Batting: RHB Frank White
|
0-0: Foul Ball, location: 2F 0-1: Foul Ball, location: 2F 0-2: Ball 1-2: Strikes out swinging
|
Batting: RHB Jeff Atherton
|
0-0: Called Strike 0-1: Fly out, F9 (Flyball, 89S, EV 88.1 MPH)
|
Bottom of the 3rd over - 0 runs, 0 hits, 0 errors, 0 left on base; Kansas City 0 - California 0 |
TOP OF THE 4TH |
Kansas City Royals batting - Pitching for California Angels : LHP Ray Fontenot
|
Batting: RHB Jeffrey Leonard
|
0-0: Called Strike 0-1: Ball 1-1: Swinging Strike 1-2: Strikes out swinging
|
Batting: RHB Bob Horner
|
0-0: Called Strike 0-1: Ball 1-1: Fly out, F6 (Flyball, 5D, EV 86.3 MPH)
|
Batting: RHB Gary Carter
|
0-0: Ball 1-0: SINGLE (Groundball, P, EV 81.9 MPH) (infield hit)
|
Batting: LHB Brad Mills
|
0-0: Called Strike 0-1: Foul Ball, location: 2F 0-2: Ball 1-2: Foul Ball, location: 2F 1-2: Ball 2-2: Strikes out swinging
|
Top of the 4th over - 0 runs, 1 hit, 0 errors, 1 left on base; Kansas City 0 - California 0 |
BOTTOM OF THE 4TH |
California Angels batting - Pitching for Kansas City Royals : LHP Dave LaPoint
|
Batting: SHB Jon Hernandez
|
0-0: Ball 1-0: Ball 2-0: Ball 3-0: Called Strike 3-1: Called Strike 3-2: Foul Ball, location: 2F 3-2: Foul Ball, location: 2F 3-2: Foul Ball, location: 2F 3-2: Foul Ball, location: 2F 3-2: Base on Balls
|
Batting: LHB Jason D Thompson
|
0-0: Ball 1-0: Ball 2-0: Fielders Choice at 2nd, 6-4 (Groundball, 6, EV 90.0 MPH)
|
Batting: LHB Brian Rosinski
|
0-0: Called Strike 0-1: Ball 1-1: Ball 2-1: Foul Ball, location: 2F 2-2: Strikes out swinging
|
Batting: RHB Carlos Pimentel
|
0-0: Ball 1-0: Single, Error in OF, E8, batter to second base (Groundball, 4MD, EV 108.1 MPH) Jason D Thompson to third
|
Batting: SHB Manny Castillo
|
0-0: Foul Ball, location: 2F 0-1: Foul Ball, location: 2F 0-2: Foul Ball, location: 2F 0-2: Ground out 4-3 (Groundball, 4, EV 86.9 MPH)
|
Bottom of the 4th over - 0 runs, 1 hit, 1 error, 2 left on base; Kansas City 0 - California 0 |
TOP OF THE 5TH |
Kansas City Royals batting - Pitching for California Angels : LHP Ray Fontenot
|
Pitching: RHP John Butcher
|
|
Batting: RHB Charlie O'Brien
|
0-0: Ball 1-0: Fly out, F4 (Line Drive, 4, EV 67.5 MPH)
|
Batting: RHB Eddie Gates
|
0-0: Called Strike 0-1: Swinging Strike 0-2: Ball 1-2: Strikes out swinging
|
Batting: LHB Rick Manning
|
0-0: Ball 1-0: Swinging Strike 1-1: Swinging Strike 1-2: SOLO HOME RUN (Flyball, 9D, EV 95.0 MPH), Distance : 415 ft
|
Batting: RHB Rickey Henderson
|
0-0: Ball 1-0: Called Strike 1-1: Ball 2-1: Ball 3-1: Base on Balls
|
Batting: LHB Gene Richards
|
0-0: Ball Rickey Henderson steals 2nd base (no throw) 1-0: Called Strike 1-1: Ground out 4-3 (Groundball, 4, EV 84.4 MPH)
|
Top of the 5th over - 1 run, 1 hit, 0 errors, 1 left on base; Kansas City 1 - California 0 |
BOTTOM OF THE 5TH |
California Angels batting - Pitching for Kansas City Royals : LHP Dave LaPoint
|
Pitching: RHP Rodolfo Apodaca
|
|
Batting: SHB Ignacio Medina
|
0-0: Swinging Strike 0-1: Swinging Strike 0-2: Hit by Pitch
|
Batting: RHB Mike Bishop
|
0-0: Ball 1-0: Ball 2-0: Ball 3-0: Base on Balls Ignacio Medina to second
|
Batting: RHB Frank White
|
0-0: Ball 1-0: Swinging Strike 1-1: Called Strike Ignacio Medina steals 3rd base 1-2: Foul Ball, location: 2F 1-2: Foul Ball, location: 2F 1-2: Foul Ball, location: 2F 1-2: Ground out 3-1 (Groundball, 34S, EV 68.8 MPH) Ignacio Medina scores Mike Bishop to second
|
Batting: RHB Jeff Atherton
|
0-0: Called Strike 0-1: Ball 1-1: DOUBLE (Groundball, 3L, EV 100.6 MPH) Mike Bishop scores
|
Batting: SHB Jon Hernandez
|
0-0: Swinging Strike 0-1: Swinging Strike 0-2: Ball 1-2: Ball 2-2: Strikes out looking
|
Batting: LHB Jason D Thompson
|
0-0: Ball 1-0: 2-RUN HOME RUN (Flyball, 9LD, EV 112.5 MPH), Distance : 352 ft
|
Pitching: RHP Bob Welch
|
|
Batting: LHB Brian Rosinski
|
0-0: Called Strike 0-1: Fly out, F8 (Flyball, 8LM, EV 84.4 MPH)
|
Bottom of the 5th over - 4 runs, 2 hits, 0 errors, 0 left on base; Kansas City 1 - California 4 |
TOP OF THE 6TH |
Kansas City Royals batting - Pitching for California Angels : RHP John Butcher
|
Batting: RHB Jeffrey Leonard
|
0-0: Called Strike 0-1: Fly out, F4 (Popup, 4, EV 61.3 MPH)
|
Batting: RHB Bob Horner
|
0-0: Ball 1-0: Ball 2-0: Fly out, F8 (Flyball, 78D, EV 97.5 MPH)
|
Batting: RHB Gary Carter
|
0-0: SINGLE (Groundball, 56D, EV 109.4 MPH)
|
Batting: LHB Brad Mills
|
0-0: Swinging Strike 0-1: Ball 1-1: Ball 2-1: Ball 3-1: SINGLE (Line Drive, 56D, EV 99.4 MPH) Gary Carter to second
|
Batting: RHB Charlie O'Brien
|
0-0: Called Strike 0-1: SINGLE (Groundball, 6MD, EV 96.9 MPH) Gary Carter to third Brad Mills to second Runner from 3rd tries for Home, SAFE, throw by CF to home
|
Batting: RHB Eddie Gates
|
0-0: Ball 1-0: Called Strike 1-1: Fly out, F4 (Popup, 34D, EV 72.5 MPH)
|
Top of the 6th over - 1 run, 3 hits, 0 errors, 2 left on base; Kansas City 2 - California 4 |
BOTTOM OF THE 6TH |
California Angels batting - Pitching for Kansas City Royals : RHP Bob Welch
|
Batting: RHB Carlos Pimentel
|
0-0: Foul Ball, location: 2F 0-1: Ball 1-1: Foul Ball, location: 2F 1-2: SINGLE (Line Drive, 9S, EV 98.1 MPH)
|
Batting: SHB Manny Castillo
|
0-0: Ball 1-0: Ball 2-0: Called Strike 2-1: TRIPLE (Flyball, 89XD, EV 101.9 MPH) Carlos Pimentel scores
|
Batting: SHB Ignacio Medina
|
0-0: Ball 1-0: Ball 2-0: Ball 3-0: Called Strike 3-1: Base on Balls
|
Batting: RHB Mike Bishop
|
0-0: Foul Ball, location: 2F 0-1: Foul Ball, location: 2F 0-2: Ball 1-2: Ball 2-2: Strikes out looking
|
Pinch Hitting: RHB Duke Hinds
|
0-0: Ball 1-0: Foul Ball, location: 2F 1-1: Ball Ignacio Medina steals 2nd base 2-1: Fly out, F9 (Line Drive, 89S, EV 92.5 MPH)
|
Pinch Hitting: RHB Rafael Ramirez
|
0-0: Ground out 6-3 (Groundball, 6, EV 88.8 MPH)
|
Bottom of the 6th over - 1 run, 2 hits, 0 errors, 2 left on base; Kansas City 2 - California 5 |
TOP OF THE 7TH |
Kansas City Royals batting - Pitching for California Angels : RHP John Butcher
|
Now at 2B: Dave L Stapleton
|
|
Now at SS: Rafael Ramirez
|
|
Batting: LHB Rick Manning
|
0-0: Ball 1-0: Ground out 5-3 (Groundball, 56, EV 81.9 MPH)
|
Pinch Hitting: LHB Kerry Dineen
|
0-0: Called Strike 0-1: Swinging Strike 0-2: Strikes out swinging
|
Pinch Hitting: LHB Jim Eisenreich
|
0-0: Called Strike 0-1: Ball 1-1: Ball 2-1: Ball 3-1: Foul Ball, location: 2F 3-2: SINGLE (Line Drive, 56D, EV 103.8 MPH)
|
Pinch Hitting: RHB Adrian Monrreal
|
0-0: Called Strike 0-1: Ball Passed Ball! Jim Eisenreich to second 1-1: Foul Ball, location: 2F 1-2: Ball 2-2: Foul Ball, location: 2F 2-2: Strikes out looking
|
Top of the 7th over - 0 runs, 1 hit, 0 errors, 1 left on base; Kansas City 2 - California 5 |
BOTTOM OF THE 7TH |
California Angels batting - Pitching for Kansas City Royals : RHP Bob Welch
|
Now at 2B: Adrian Monrreal
|
|
Now in CF: Kerry Dineen
|
|
Now in RF: Jim Eisenreich
|
|
Batting: SHB Jon Hernandez
|
0-0: Ball 1-0: Ball 2-0: Called Strike 2-1: Ball 3-1: Base on Balls
|
Batting: LHB Jason D Thompson
|
0-0: Foul Ball, location: 2F 0-1: Ball 1-1: Swinging Strike 1-2: Foul Ball, location: 2F 1-2: Ball 2-2: Foul Ball, location: 2F 2-2: Fielders Choice at 2nd, 3-6 (Groundball, 3, EV 86.3 MPH)
|
Pinch Hitting: LHB John Milner
|
0-0: Called Strike 0-1: Called Strike 0-2: Ball 1-2: Foul Ball, location: 2F 1-2: Ball 2-2: Ball 3-2: Foul Ball, location: 2F 3-2: Base on Balls Jason D Thompson to second
|
Batting: RHB Carlos Pimentel
|
0-0: Fielders Choice at 2nd, 6-4 (Groundball, 6, EV 90.6 MPH) Jason D Thompson to third
|
Pinch Hitting: LHB Jerry Willard
|
0-0: Ball 1-0: Ground out U3 (Groundball, 3, EV 105.6 MPH)
|
Bottom of the 7th over - 0 runs, 0 hits, 0 errors, 2 left on base; Kansas City 2 - California 5 |
TOP OF THE 8TH |
Kansas City Royals batting - Pitching for California Angels : RHP John Butcher
|
Now at 3B: Geno Petralli
|
|
Now in LF: John Milner
|
|
Batting: LHB Alvin Davis
|
0-0: Ball 1-0: Ground out 6-3 (Groundball, 6S, EV 86.3 MPH)
|
Pinch Hitting: RHB Al Minker
|
0-0: SINGLE (Line Drive, 34D, EV 99.4 MPH)
|
Pinch Hitting: RHB Cesare Pierpaoli
|
0-0: Called Strike 0-1: Fielders Choice at 2nd, 2-6 (Groundball, 13S, EV 73.8 MPH)
|
Pitching: RHP Alfredo Rojas
|
|
Batting: RHB Charlie O'Brien
|
0-0: Called Strike 0-1: Foul Ball, location: 2F 0-2: Foul Ball, location: 2F 0-2: Ball 1-2: Foul Ball, location: 2F 1-2: Foul Ball, location: 2F 1-2: Foul Ball, location: 2F 1-2: Strikes out swinging
|
Top of the 8th over - 0 runs, 1 hit, 0 errors, 1 left on base; Kansas City 2 - California 5 |
BOTTOM OF THE 8TH |
California Angels batting - Pitching for Kansas City Royals : RHP Bob Welch
|
Now at 1B: Al Minker
|
|
Now at 3B: Cesare Pierpaoli
|
|
Pinch Hitting: LHB Franklin Lopez
|
0-0: Ball 1-0: Ball 2-0: Foul Ball, location: 2F 2-1: Foul Ball, location: 2F 2-2: Fly out, F8 (Flyball, 8LXD, EV 90.6 MPH)
|
Batting: RHB Mike Bishop
|
0-0: Called Strike 0-1: Called Strike 0-2: Ground out 6-3 (Groundball, 6, EV 87.5 MPH)
|
Batting: RHB Dave L Stapleton
|
0-0: Ball 1-0: Foul Ball, location: 2F 1-1: Foul Ball, location: 2F 1-2: Ball 2-2: Fly out, F5 (Popup, 5SF, EV 73.1 MPH)
|
Bottom of the 8th over - 0 runs, 0 hits, 0 errors, 0 left on base; Kansas City 2 - California 5 |
TOP OF THE 9TH |
Kansas City Royals batting - Pitching for California Angels : RHP Alfredo Rojas
|
Now in RF: Franklin Lopez
|
|
Batting: RHB Eddie Gates
|
0-0: Fly out, F8 (Flyball, 89S, EV 87.5 MPH)
|
Pinch Hitting: RHB Alberto Gonzalez
|
0-0: Foul Ball, location: 2F 0-1: Foul Ball, location: 2F 0-2: Foul Ball, location: 2F 0-2: Foul Ball, location: 2F 0-2: Foul Ball, location: 2F 0-2: Ball 1-2: Ground out 6-3 (Groundball, 6D, EV 108.1 MPH)
|
Batting: LHB Kerry Dineen
|
0-0: Ball 1-0: Ball 2-0: Foul Ball, location: 2F 2-1: Ball 3-1: Foul Ball, location: 2F 3-2: Fly out, F8 (Flyball, 89M, EV 90.6 MPH)
|
Top of the 9th over - 0 runs, 0 hits, 0 errors, 0 left on base; Kansas City 2 - California 5 |
|